 Dungeon Crawl Stone Soup version 0.26-a0-667-g92642533e4 (webtiles) character file.

Game seed: 9277396279644784716

2695 Descartes the Frost Mage (level 9, -4/57 HPs)
             Began as a Barachi Ice Elementalist on Oct 16, 2020.
             Was a Follower of Cheibriados.
             Slain by Harold
             ... wielding a +0 mace
              (16 damage)
             ... on level 7 of the Dungeon.
             The game lasted 00:31:43 (9999 turns).

Descartes the Frost Mage (Barachi Ice Elementalist) Turns: 9999, Time: 00:31:43

Health: -4/57      AC: 10    Str: 14    XL:     9   Next: 65%
Magic:  15/19      EV: 12    Int: 21    God:    Cheibriados [*.....]
Gold:   352        SH:  0    Dex: 15    Spells: 18/22 levels left

rFire    + . .     SeeInvis .   Q - +4 dagger of Byphu {vorpal, rPois}
rCold    + . .     Faith    .   (no shield)
rNeg     . . .     Spirit   .   E - +1 ring mail {rF+}
rPois    +         Reflect  .   (no helmet)
rElec    .         Harm     .   n - +0 cloak
rCorr    .         Rampage  .   (no gloves)
MR       +....                  h - +2 pair of boots
Stlth    +.........             (no amulet)
HPRegen  0.19/turn              f - ring of protection from magic
MPRegen  0.16/turn              s - ring of protection from cold

@: marked, frozen ramparts, very slow
A: +LOS, swims, slowness 1, strong legs 1
a: Hop, Bend Time, Renounce Religion


You were on level 7 of the Dungeon.
You worshipped Cheibriados.
Cheibriados was aware of your devotion.
You visited 2 branches of the dungeon, and saw 8 of its levels.
You also visited: Sewer and Ossuary.

You collected 352 gold pieces.

Inventory:

Hand Weapons
 i - a +2 dagger of draining
 K - a +0 falchion
 Q - the +4 dagger of Byphu (weapon) {vorpal, rPois}
   (You found it on level 5 of the Dungeon)

   It inflicts extra damage upon your enemies.
   It protects you from poison.
 T - a +4 scimitar of freezing
Missiles
 b - 289 stones (quivered)
 o - 40 arrows
 u - 78 sling bullets
 y - 8 boomerangs
 z - 5 large rocks
 D - 2 throwing nets
 M - 14 bolts
 S - 16 poisoned darts
 Y - 8 atropa-tipped darts
Armour
 h - a +2 pair of boots (worn)
 n - a +0 cloak (worn)
 r - a +3 scale mail
 E - a +1 ring mail of fire resistance (worn)
 P - a +0 leather armour of cold resistance
 V - a +0 tower shield
Magical Staves
 B - an uncursed staff of earth
Jewellery
 f - a ring of protection from magic (left hand)
 l - an uncursed ring of resist corrosion
 s - a ring of protection from cold (right hand)
 J - an uncursed amulet of faith
 Z - an uncursed ring of fire {unknown}
Wands
 U - a wand of flame (19)
Scrolls
 a - 4 scrolls of remove curse
 m - 10 scrolls of teleportation
 p - a scroll of vulnerability {unknown}
 q - 3 scrolls of fog {unknown}
 v - 3 scrolls of identify
 x - 2 scrolls of enchant weapon {unknown}
 G - a scroll of fear {unknown}
 H - 4 scrolls of blinking {unknown}
 I - 4 scrolls of magic mapping
 L - 2 scrolls of amnesia
 N - 2 scrolls of random uselessness {unknown}
 R - a scroll of enchant armour {unknown}
 W - 2 scrolls of immolation {unknown}
 X - a scroll of brand weapon {unknown}
Potions
 c - 2 potions of berserk rage
 d - 2 potions of magic
 e - 5 potions of curing
 g - 8 potions of heal wounds
 j - 5 potions of flight
 k - 6 potions of might
 t - 2 potions of stabbing {unknown}
 w - a potion of cancellation
 A - 3 potions of mutation {unknown}
 C - a potion of degeneration {unknown}
 F - a potion of invisibility {unknown}
 O - 2 potions of resistance {unknown}


   Skills:
 - Level 3.0 Armour
 - Level 3.0 Dodging
 - Level 1.7 Stealth
 + Level 3.3 Shields
 - Level 7.2 Spellcasting
 - Level 12.3 Ice Magic


You had 18 spell levels left.
You knew the following spells:

 Your Spells              Type           Power        Failure   Level
a - Freeze                Ice            ####         1%          1
b - Frozen Ramparts       Ice            ######       1%          3

Your spell library contained the following spells:

 Spells                   Type           Power        Failure   Level
 Ozocubu's Armour         Ice            ######..     1%          3
 Hailstorm                Conj/Ice       ####....     14%         4
 Summon Ice Beast         Ice/Summ       ####....     14%         4
 Animate Skeleton         Necr           #.....       17%         1
 Apportation              Tloc           #.....       17%         1
 Corona                   Hex            #......      17%         1
 Summon Small Mammal      Summ           #...         17%         1


Dungeon Overview and Level Annotations

Branches:
Dungeon (7/15)             Temple (1/1) D:4           Sewer (visited)
Ossuary (visited)

Altars:
Ashenzari
Cheibriados
Dithmenos
Elyvilon
Fedhas
Gozag
Hepliaklqana
Kikubaaqudgha
Makhleb
Qazlal
Ru
Sif Muna
Trog
Uskayaw
Vehumet
Wu Jian
Xom
Yredelemnul
Zin
The Shining One

Annotations:
D:7 Harold


Innate Abilities, Weirdness & Mutations

You can be seen from farther away. (+LOS)
You can swim through water.
You cover ground slowly.
You can hop short distances.


Message History

The iguana closely misses you. Harold hits you with a +0 mace!
You puncture Harold!
Harold is moderately wounded.
The iguana completely misses you. Harold misses you.
You closely miss Harold.
Harold is moderately wounded.
The iguana bites you. Harold barely misses you.
Casting: Frozen Ramparts (safe; 1% risk of failure)
Confirm with . or Enter, or press ? or * to list all spells.
The walls around you are covered in ice.
The iguana bites you.
The wall freezes Harold.
Harold hits you with a +0 mace!
* * * LOW HITPOINT WARNING * * *
You are too injured to fight recklessly!
You hit Harold but do no damage.
Harold is moderately wounded.
The iguana misses you.
You completely miss Harold.
Harold is moderately wounded.
The wall freezes Harold!
Harold hits you with a +0 mace!
You die...

###### ### * #....####.## *
###......#...####### ******
##..........#....##.# ,,,,,****
#..##......##....##.## ,,,,,,,,*
###.#@......#........# ,,,,,,,,*
#..@l.....#.......## *,,,,,,,*
##[.............#..# *,,,,*,,*
*#.............##...# #...#*,,***
#.......>.......##..#
...#*,,,,,**#....................
...#*,,,,,,*..##.....####...##...
...#,,,*,,,...,###...#,#...,#...#
.#...,**,*....** *....,........##


You could see Harold and an iguana.

Vanquished Creatures
  Grinder (D:5)
  Eustachio (D:5)
  An ice beast (D:5)
  A phantom (D:4)
  2 ogres
  2 sky beasts
  A necrophage (D:7)
  2 centaurs
  4 bullfrogs
  2 water moccasin zombies
  A scorpion (D:4)
  4 wights
  A howler monkey (D:4)
  A quasit (D:7)
  3 bullfrog skeletons (D:5)
  A jelly (D:5)
  A hound (D:6)
  2 centaur skeletons (D:4)
  3 iguanas
  3 worker ants
  4 big kobold zombies (Ossuary)
  A hound zombie (D:5)
  2 mummies (Ossuary)
  2 worker ant zombies (D:6)
  5 gnolls
  13 adders
  7 river rats
  A white imp (D:5)
  2 ufetubi
  6 adder zombies (Ossuary)
  4 worms
  A dart slug (D:2)
  16 orcs
  13 ball pythons
  5 bats (D:1)
  6 giant cockroaches
  4 goblins
  4 hobgoblins
  3 jackals (D:1)
  4 quokkas
  A ball python skeleton (D:4)
  10 frilled lizards
  3 gnoll zombies (Ossuary)
  5 hobgoblin zombies (Ossuary)
  A jackal skeleton (D:6)
  7 kobolds
  2 kobold zombies (Ossuary)
  A leopard gecko skeleton (D:6)
  6 orc zombies (Ossuary)
  35 rats
211 creatures vanquished.

Notes
Turn   | Place    | Note
-------+----------+-------------------------------------------
     0 | D:1      | Descartes the Barachi Ice Elementalist began the quest for
                  | the Orb.
     0 | D:1      | Reached XP level 1. HP: 13/13 MP: 3/3
   130 | D:1      | Reached skill level 5 in Ice Magic
   130 | D:1      | Reached XP level 2. HP: 8/19 MP: 1/5
   411 | D:1      | Reached skill level 1 in Armour
   592 | D:1      | Reached XP level 3. HP: 24/24 MP: 3/6
  1806 | D:3      | Reached XP level 4. HP: 24/30 MP: 3/8
  1811 | D:3      | Learned a level 3 spell: Frozen Ramparts
  1813 | D:3      | Learned a level 1 spell: Apportation
  1959 | D:3      | Found a white marble altar of Elyvilon.
  1960 | D:3      | Found an ancient bone altar of Kikubaaqudgha.
  2848 | D:4      | Found a staircase to the Ecumenical Temple.
  2889 | D:4      | Reached skill level 6 in Ice Magic
  2892 | D:4      | Reached XP level 5. HP: 35/35 MP: 2/9
  2928 | D:4      | Found a glowing drain.
  2934 | Sewer    | Entered a sewer
  3293 | Sewer    | Reached XP level 6. HP: 41/41 MP: 8/11
  3469 | Sewer    | Reached skill level 7 in Ice Magic
  3724 | Temple   | Entered the Ecumenical Temple
  3985 | D:4      | Reached XP level 7. HP: 32/46 MP: 11/13
  4105 | D:4      | Reached skill level 8 in Ice Magic
  5359 | D:5      | Entered Level 5 of the Dungeon
  5368 | D:5      | Found a stormy altar of Qazlal.
  5456 | D:5      | Found a shimmering altar of Xom.
  5492 | D:5      | Reached skill level 9 in Ice Magic
  5906 | D:5      | Reached skill level 5 in Spellcasting
  6053 | D:5      | Noticed Eustachio
  6139 | D:5      | Killed Eustachio
  6139 | D:5      | Reached XP level 8. HP: 23/52 MP: 7/15
  6437 | D:5      | Reached skill level 10 in Ice Magic
  6673 | D:5      | Got a fine dagger
  6674 | D:5      | Identified the +4 dagger of Byphu {vorpal, rPois} (You
                  | found it on level 5 of the Dungeon)
  6700 | D:5      | Noticed Grinder
  6728 | D:5      | Killed Grinder
  7502 | D:5      | Reached skill level 11 in Ice Magic
  7787 | D:6      | Reached XP level 9. HP: 26/57 MP: 18/18
  8464 | D:6      | Found a snail-covered altar of Cheibriados.
  8479 | D:6      | Became a worshipper of Cheibriados the Contemplative
  8952 | D:6      | Found a glowing golden altar of the Shining One.
  9301 | D:7      | Found a sand-covered staircase.
  9309 | D:7      | Reached skill level 1 in Shields
  9312 | D:7      | Reached skill level 12 in Ice Magic
  9326 | Ossuary  | Entered an ossuary
  9469 | Ossuary  | Reached * piety under Cheibriados
  9980 | D:7      | Noticed Harold
  9999 | D:7      | Slain by Harold

Illustrated notes

Levels and vault maps discovered:
D:1:      eino_arrival_cavern_d, layout_rooms
D:2:      layout_rooms
D:3:      layout_basic, grunt_temple_overflow_open
D:4:      wad_pebble_path, layout_cave_pods, minmay_temple_entry_gardened_gates,
          gup_sewer_entry_spiral
D:5:      layout_basic, nicolae_qazlal_general_emergency, serial_glass,
          glass_columns_a, glass_columns_b, xom_teletrap_fun, uniq_eustachio,
          uniq_grinder
D:6:      layout_basic, lemuel_coloured_pillars_altar, cheibriados_altar_1
D:7:      layout_cave_pools, gammafunk_temple_overflow_statue, enter_ossuary_3,
          uniq_harold
Temple:   bh_familiar_temple

Skill      XL: |  1  2  3  4  5  6  7  8  9 |
---------------+----------------------------+-----
Ice Magic      | 5 6 7 9 11 12 | 12.3
Armour         | 1 2 3 |  3.0
Dodging        | 3 |  3.0
Spellcasting   | 3 4 5 6 7 |  7.2
Shields        | 3 |  3.3
Stealth        | |  1.7

Action                   |  1- 3 |  4- 6 |  7- 9 || total
-------------------------+-------+-------+-------++-------
Melee: Dagger            |     9 |    66 |   260 ||   335
       Falchion          |       |       |   108 ||   108
 Cast: Freeze            |    57 |    73 |    63 ||   193
       Frozen Ramparts   |       |     6 |    61 ||    67
 Abil: Hop               |       |       |     1 ||     1
  Use: Scroll            |     1 |     5 |     5 ||    11
       Potion            |       |       |     2 ||     2
Armor: Robe              |    18 |       |       ||    18
       Scale mail        |     2 |     9 |       ||    11
       Ring mail         |       |    49 |   217 ||   266
Dodge: Dodged            |    46 |    65 |   264 ||   375
       Rpst.: Falchion   |       |       |    35 ||    35

Table legend: (Time is in decaauts)
 A = Elapsed time spent in this place.
 B = Non-inter-level travel time spent in this place.
 C = Inter-level travel time spent in this place.
 D = Time resting spent in this place.
 E = Time spent auto-exploring this place.
 F = Levels seen in this place.
 G = Mean time per level.
                   A        B        C        D        E       F      G
               +--------+--------+--------+--------+--------+-----+--------+
         Total |  11239 |  10658 |    581 |    534 |   7932 |  10 | 1123.9 |
       Dungeon |   9770 |   9204 |    566 |    534 |   6884 |   7 | 1395.7 |
        Temple |    280 |    265 |     15 |      0 |    260 |   1 |  280.0 |
         Sewer |    704 |    704 |      0 |      0 |    461 |   1 |  704.0 |
       Ossuary |    483 |    483 |      0 |      0 |    326 |   1 |  483.0 |
               +--------+--------+--------+--------+--------+-----+--------+

Top non-repeatable levels by time:
     D:4: 2175 daAuts
     D:5: 2123 daAuts
     D:6: 2025 daAuts
     D:3: 1257 daAuts
     D:1: 1091 daAuts
     D:2: 776 daAuts
   Sewer: 704 daAuts
 Ossuary: 483 daAuts
     D:7: 321 daAuts
  Temple: 280 daAuts
